 Dungeon Crawl Stone Soup version 0.29.1-4-g47bece8355 (webtiles) character file.

Game seed: 14690215470419395028

1424 KittyFluff the Trooper (level 8, -6/50 HPs)
             Began as a Gargoyle Berserker on Dec 2, 2022.
             Was a Priest of Trog.
             Mangled by a wight
             ... wielding a +3 long sword
              (10 damage)
             ... on level 5 of the Dungeon.
             The game lasted 00:31:29 (5913 turns).

KittyFluff the Trooper (Gargoyle Berserker)         Turns: 5913, Time: 00:31:30

Health: -6/50      AC:  9    Str: 22    XL:     8   Next: 72%
Magic:  8/8        EV: 12    Int:  7    God:    Trog [***...]
Gold:   228        SH:  5    Dex: 11    Spells: 7/7 levels left

rFire   . . .      SeeInvis .   a - +0 mace
rCold   . . .      Faith    .   d - +1 buckler
rNeg    + . .      Spirit   .   p - +0 leather armour
rPois   ∞          Reflect  .   (no helmet)
rElec   +          Harm     .   (no cloak)
rCorr   .          Rampage  .   (no gloves)
Will    .....                   (no boots)
Stlth   +.........              (no amulet)
HPRegen 0.16/turn               (no ring)
MPRegen 0.11/turn               (no ring)

@: on berserk cooldown, slowed, very slow
A: sickness immunity, AC +5, negative energy resistance 1, electricity
resistance, torment resistance 1, petrification resistance
a: Renounce Religion, Berserk, Trog's Hand


You were on level 5 of the Dungeon.
You worshipped Trog.
Trog was most pleased with you.
You visited 1 branch of the dungeon, and saw 6 of its levels.

You collected 228 gold pieces.

Inventory:

Hand Weapons
 a - a +0 mace (weapon)
 e - a +2 vorpal sling
 m - the +8 dagger "Upesishru" {antimagic, +Blink rElec rPois}
   (You found it on level 5 of the Dungeon)

   It reduces the magical energy of the wielder, and disrupts the spells and
   magical abilities of those it strikes.
   Natural abilities and divine invocations are not affected.
   rElec:     It insulates you from electricity.
   rPois:     It protects you from poison.
   +Blink:    It lets you blink.
 y - a +0 battleaxe of flaming
Missiles
 j - 42 stones
 v - 3 curare-tipped darts
 z - 6 poisoned darts
Armour
 d - a +1 buckler (worn)
 p - a +0 leather armour (worn)
 q - the +12 plate armour "Qakhlikh" {+Blink rElec Stlth+}
   (You found it on level 2 of the Dungeon)

   rElec:     It insulates you from electricity.
   +Blink:    It lets you blink.
   Stlth:     It makes you more stealthy.
Wands
 t - a wand of polymorph (9)
 A - a wand of paralysis (8)
Scrolls
 f - a scroll of enchant armour
 h - a scroll of brand weapon {unknown}
 i - a scroll of teleportation {unknown}
 l - a scroll of enchant weapon {unknown}
 r - a scroll of butterflies {unknown}
 s - a scroll of torment {unknown}
 u - a scroll of immolation {unknown}
 x - a scroll of poison {unknown}
 B - a scroll of noise {unknown}
Potions
 b - a potion of resistance {unknown}
 c - a potion of might
 g - 2 potions of lignification
 k - 2 potions of mutation
 n - 2 potions of heal wounds
 o - a potion of berserk rage
 w - a potion of haste {unknown}
 C - a potion of attraction {unknown}
 D - a potion of curing {unknown}


   Skills:
 + Level 5.5 Fighting
 + Level 5.1 Maces & Flails
 + Level 5.1 Ranged Weapons
 * Level 5.0 Armour
 + Level 3.4 Dodging
 + Level 1.3 Stealth
 + Level 3.5 Shields


You had 7 spell levels left.
You didn't know any spells.
Your spell library was empty.

Dungeon Overview and Level Annotations

Branches:
Dungeon (6/15)
 Temple: D:4-7

Altars:
Makhleb
Okawaru
Ru
Trog
Wu Jian

Shops:
D:3 (


Innate Abilities, Weirdness & Mutations

You are immune to sickness and miasma.
Your stone body is resilient. (AC +5)
You are immune to poison.
You resist negative energy. (rN+)
You are resistant to electric shocks. (rElec)
You are resistant to unholy torment.
You are immune to petrification.


Message History

You block the wight's attack.
You hit the wight but do no damage.
The wight is heavily damaged.
The wight closely misses you. You block the wight's attack.
You barely miss the wight.
The wight is heavily damaged.
The wight closely misses you. You block the wight's attack.
You sock the wight!
You destroy the wight!
Trog accepts your kill.
Your Armour skill increases to level 5!
You block the wight's attack.
You sock the wight!
The wight is heavily damaged.
The wight closely misses you.
You thump the wight!
You destroy the wight!
Trog accepts your kill. 2 wights come into view.
You are no longer berserk.
You are exhausted.
You feel yourself slow down.
Things that are here:
a +0 halberd; a +0 robe
There are monsters nearby!
There are monsters nearby!
There is a stone staircase leading up here.
You can't go down here!
The wight misses you. You block the wight's attack.
The wight hits you with a +3 long sword.
* * * LOW HITPOINT WARNING * * *
The wight closely misses you.
You climb upwards.
There is a stone staircase leading down here.
As you read the scroll labelled ESAM DITINGAOMIR, it crumbles to dust.
It is a scroll of enchant armour.
Your +0 buckler glows green for a moment.
The wight barely misses you.
The wight hits you with a +3 long sword!
You die...

#....#..............
#.........#........
#.........#........
####........##........ ##
##.####................
##.##...#..................
#..........................
#..........................
#...##...z@................
##.........z........#......
##....#...#.......##......
###...###..#.#..... ###....
#.....#....####.....J..#...
###......### #.......#...
##......### #...........
#.........### ............
#.....###...###..........>


You could see 2 wights.

Vanquished Creatures
  Menkaure (D:5)
  A black bear (D:6)
  2 ogres (D:6)
  A phantom (D:5)
  3 bullfrogs
  3 scorpions (D:5)
  3 wights (D:6)
  A howler monkey (D:4)
  A hound (D:6)
  3 jellies
  Natasha (twice) (D:4)
  2 iguanas
  A gnoll (D:1)
  10 adders
  A white imp (D:5)
  2 worms
  5 dart slugs
  7 orcs
  9 ball pythons
  6 endoplasms
  A giant cockroach (D:3)
  8 goblins
  8 hobgoblins
  6 kobolds
  6 quokkas
  8 bats
  4 frilled lizards
  6 rats
111 creatures vanquished.

Notes
Turn   | Place    | Note
-------+----------+-------------------------------------------
     0 | D:1      | KittyFluff the Gargoyle Berserker began the quest for the
                  | Orb.
     0 | D:1      | Reached XP level 1. HP: 14/14 MP: 1/1
   231 | D:1      | Reached XP level 2. HP: 19/19 MP: 2/2
   471 | D:1      | Reached XP level 3. HP: 17/23 MP: 3/3
   664 | D:1      | Reached ** piety under Trog
   665 | D:1      | Reached skill level 1 in Ranged Weapons
   798 | D:1      | Reached skill level 1 in Shields
   999 | D:2      | Reached XP level 4. HP: 18/29 MP: 4/4
  1211 | D:2      | Identified the +12 plate armour "Qakhlikh" {+Blink rElec
                  | Stlth+}
  2208 | D:3      | Found Liabrarur's Weapon Shoppe.
  2441 | D:3      | Found a sacrificial altar of Ru.
  2527 | D:3      | Reached XP level 5. HP: 33/33 MP: 5/5
  2940 | D:4      | Reached XP level 6. HP: 21/38 MP: 6/6
  2949 | D:4      | Reached *** piety under Trog
  3135 | D:4      | Found a burning altar of Makhleb.
  3185 | D:4      | Noticed Natasha
  3205 | D:4      | Killed Natasha
  3631 | D:4      | Noticed Natasha
  3641 | D:4      | Killed Natasha
  3895 | D:5      | Entered Level 5 of the Dungeon
  3917 | D:5      | Reached XP level 7. HP: 30/43 MP: 7/7
  4179 | D:5      | Identified the +8 dagger "Upesishru" {antimagic, +Blink
                  | rElec rPois}
  4582 | D:5      | Found an ornate altar of the Wu Jian Council.
  4589 | D:5      | Noticed Menkaure
  4597 | D:5      | Killed Menkaure
  4695 | D:5      | Found an iron altar of Okawaru.
  4695 | D:5      | Found a bloodstained altar of Trog.
  4953 | D:6      | Reached XP level 8. HP: 34/48 MP: 8/8
  5174 | D:6      | HP: 2/48 [ogre/+0 giant club (20)]
  5177 | D:6      | Reached skill level 5 in Fighting
  5177 | D:6      | Reached skill level 1 in Stealth
  5617 | D:6      | Reached skill level 5 in Ranged Weapons
  5680 | D:6      | Reached skill level 5 in Maces & Flails
  5895 | D:6      | Reached skill level 5 in Armour
  5913 | D:5      | Mangled by a wight

Illustrated notes

Levels and vault maps discovered:
D:1:      dpeg_arrival_tiny_c, layout_loops_ring, minmay_split_cup_small
D:2:      layout_basic
D:3:      layout_basic, nicolae_ru_path_of_blood, serial_shops, shop
D:4:      layout_basic, bloody_makhleb, uniq_natasha
D:5:      layout_cave_pools, nzn_wu_jian_contemplation,
          grunt_temple_overflow_bloody_war, serial_bayou_pond_d, uniq_menkaure
D:6:      layout_rooms, nicolae_overflow_hidden_temple

Skill      XL: |  1  2  3  4  5  6  7  8 |
---------------+-------------------------+-----
Ranged Weapons | 1 2 3 4 5 |  5.1
Shields        | 1 2 3 |  3.5
Dodging        | 2 3 |  3.4
Fighting       | 4 5 |  5.5
Armour         | 3 4 5 |  5.0
Maces & Flails | 4 5 |  5.1
Stealth        | 1 |  1.3

Action                   |  1- 3 |  4- 6 |  7- 9 || total
-------------------------+-------+-------+-------++-------
Melee: Mace              |    56 |   127 |   124 ||   307
       Dagger            |       |       |     3 ||     3
 Fire: Sling             |    52 |    88 |    33 ||   173
Throw: Stone             |     4 |       |       ||     4
Invok: Berserk           |       |     1 |     5 ||     6
  Use: Scroll            |       |     4 |     2 ||     6
Armor: Animal skin       |    22 |    56 |    13 ||    91
       Leather armour    |       |       |    24 ||    24
Dodge: Dodged            |    48 |    73 |    85 ||   206
Block: Buckler           |     7 |    22 |    40 ||    69
